 Dungeon Crawl Stone Soup version 0.22-a0-305-gd21a89c (webtiles) character file.

732 grizmgrazm2 the Chiller (level 7, 0/52 HPs)
             Began as a Demigod Ice Elementalist on Mar 31, 2018.
             Slain by Tovarisch's ghost (3 damage)
             ... on level 5 of the Dungeon.
             The game lasted 00:18:06 (4593 turns).

grizmgrazm2 the Chiller (Demigod Ice Elementalist)  Turns: 4593, Time: 00:18:06

Health: 0/52       AC:  2    Str:  8    XL:     7   Next: 21%
Magic:  5/17       EV: 13    Int: 23    God:
Gold:   188        SH:  0    Dex: 16    Spells: 8/15 levels left

rFire    + . .     SeeInvis .   e - +0 hunting sling
rCold    x . .     Gourm    .   (no shield)
rNeg     . . .     Faith    .   a - +0 robe
rPois    .         Spirit   .   (no helmet)
rElec    .         Reflect  .   (no cloak)
rCorr    .         Harm     .   (no gloves)
MR       .....                  (no boots)
Stlth    ++........             (no amulet)
HPRegen  0.17/turn              n - ring of fire
MPRegen  0.15/turn              d - -3 ring of strength (curse)

@: lethally poisoned (0 -> -3)
A: high mp 1
a: no special abilities


You were on level 5 of the Dungeon.
You were hungry.

You visited 1 branch of the dungeon, and saw 5 of its levels.

You collected 188 gold pieces.

Inventory:

Hand Weapons
 e - a +0 hunting sling (weapon)
Missiles
 h - 2 throwing nets
 i - 86 stones (quivered)
Armour
 a - a +0 robe (worn)
Jewellery
 c - an uncursed ring of wizardry
 d - a cursed -3 ring of strength (right hand)
 n - a ring of fire (left hand)
Wands
 b - a wand of paralysis (11)
 g - a wand of digging (17)
 m - a wand of acid (7)
 o - a wand of iceblast (6)
Scrolls
 p - 4 scrolls of identify
 r - a scroll of enchant weapon {unknown}
 s - a scroll of amnesia
 u - a scroll of teleportation {unknown}
Potions
 j - a potion of curing
 k - 2 potions of degeneration {unknown}
 l - a potion of lignification {unknown}
 q - a potion of brilliance {unknown}
Comestibles
 f - 9 rations


   Skills:
 + Level 1.5 Fighting
 + Level 1.1 Slings
 + Level 2.2 Dodging
 + Level 2.3 Stealth
 + Level 4.7 Spellcasting
 * Level 1.3 Conjurations
 + Level 5.3 Ice Magic


You had 8 spell levels left.
You knew the following spells:

 Your Spells              Type           Power        Failure   Level  Hunger
a - Freeze                Ice            ####         1%          1    None
b - Throw Frost           Conj/Ice       ###...       3%          2    None
c - Throw Icicle          Conj/Ice       ###.....     24%         4    ####...


Dungeon Overview and Level Annotations

Branches:
Dungeon (5/15)
 Temple: D:4-7

Annotations:
D:5 Tovarisch's ghost, novice OpTm


Innate Abilities, Weirdness & Mutations

You have an increased reservoir of magic. (+10% MP)


Message History

* * * LOW HITPOINT WARNING * * *
Casting: Freeze (safe; 1% risk of failure)
Confirm with . or Enter, or press ? or * to list all spells.
Aiming: Freeze (safe; 1% risk of failure)
Press: ? - help, Shift-Dir - straight line, f/p - Tovarisch's ghost
Aim: Tovarisch's ghost (severely damaged)
You freeze Tovarisch's ghost.
Tovarisch's ghost resists.
Tovarisch's ghost is severely damaged.
The worker ant bites you.
* * * LOW HITPOINT WARNING * * *
You are poisoned.
The worker ant poisons you!
Tovarisch's ghost hits you but does no damage.
The worker ant bites you.
* * * LOW HITPOINT WARNING * * *
* * * LOW HITPOINT WARNING * * *
You feel sick. The worker ant completely misses you.
* * * LOW HITPOINT WARNING * * *
You feel sick. The worker ant closely misses you. Tovarisch's ghost hits you.
You die...

#..........#
#..........###
##............
............#
..#........##
....>.......#
............#
.......@....#
.......Wa...#
......."....#
..#........##
. ##......##
########


You could see a worker ant and Tovarisch's ghost.

Vanquished Creatures
  The ghost of budo the Sneak, an amateur KoBe of Trog (D:4)
  A centaur (D:2)
  An ogre (D:4)
  A scorpion (D:4)
  The ghost of matakusis the Caller, a weakling DESu (D:3)
  A hound (D:4)
  Ijyb (D:2)
  Jessica (D:2)
  Natasha (thrice) (D:3)
  An iguana (D:4)
  Robin (D:2)
  4 gnolls (D:2)
  4 adders
  A worm (D:3)
  3 dart slugs (D:1)
  2 leopard geckos
  3 orcs (D:4)
  A ball python (D:3)
  7 giant cockroaches
  22 goblins
  9 hobgoblins
  4 jackals (D:4)
  7 kobolds
  2 quokkas (D:3)
  9 bats
  5 frilled lizards
  A quokka skeleton (D:4)
  6 rats
103 creatures vanquished.

Notes
Turn   | Place    | Note
-------+----------+-------------------------------------------
     0 | D:1      | grizmgrazm2 the Demigod Ice Elementalist began the quest for the Orb.
     0 | D:1      | Reached XP level 1. HP: 14/14 MP: 5/5
   228 | D:1      | Reached skill level 3 in Ice Magic
   294 | D:1      | Reached XP level 2. HP: 15/20 MP: 1/7
  1305 | D:2      | Reached XP level 3. HP: 26/26 MP: 5/9
  1560 | D:2      | Noticed Jessica
  1567 | D:2      | Killed Jessica
  1567 | D:2      | Reached XP level 4. HP: 18/33 MP: 2/11
  1867 | D:2      | Learned a level 2 spell: Throw Frost
  2074 | D:2      | Reached skill level 4 in Ice Magic
  2075 | D:2      | Noticed a centaur
  2085 | D:2      | Killed a centaur
  2085 | D:2      | Reached XP level 5. HP: 8/39 MP: 0/12
  2368 | D:2      | Noticed Robin
  2426 | D:2      | Killed Robin
  2426 | D:2      | Reached skill level 1 in Fighting
  2753 | D:2      | Noticed Ijyb
  2776 | D:2      | Killed Ijyb
  2901 | D:3      | Noticed matakusis's ghost (weakling DESu)
  2905 | D:3      | Killed matakusis's ghost
  2938 | D:3      | Reached XP level 6. HP: 43/47 MP: 10/14
  3113 | D:3      | Reached skill level 1 in Slings
  3240 | D:3      | Noticed Natasha
  3247 | D:3      | Killed Natasha
  3298 | D:3      | Noticed Natasha
  3306 | D:3      | Killed Natasha
  3368 | D:3      | Noticed Natasha
  3373 | D:3      | Killed Natasha
  3700 | D:4      | Reached skill level 5 in Ice Magic
  3796 | D:4      | Reached XP level 7. HP: 43/52 MP: 0/17
  3802 | D:4      | Learned a level 4 spell: Throw Icicle
  4037 | D:4      | Noticed budo's ghost (amateur KoBe)
  4044 | D:4      | Killed budo's ghost
  4044 | D:4      | Reached skill level 1 in Conjurations
  4575 | D:5      | Entered Level 5 of the Dungeon
  4575 | D:5      | Noticed Tovarisch's ghost (novice OpTm)
  4593 | D:5      | Slain by Tovarisch's ghost

Vault maps used:
D:1:      elethiomel_arrival_infinity_welcomes_careful_drivers
D:2:      kennysheep_the_goblin_king, uniq_jessica, uniq_robin
D:3:      uniq_natasha
D:4:      cheibrodos_quashed, first_ration, uniq_ijyb
D:5:      uniq_edmund

Skill      XL: |  1  2  3  4  5  6  7 |
---------------+----------------------+-----
Ice Magic      | 3 4 5 |  5.3
Spellcasting   | 2 3 4 |  4.7
Stealth        | 2 |  2.3
Dodging        | 2 |  2.2
Fighting       | 1 |  1.5
Slings         | 1 |  1.1
Conjurations   | 1 |  1.3

Action                   |  1- 3 |  4- 6 |  7- 9 || total
-------------------------+-------+-------+-------++-------
Melee: Unarmed           |     2 |       |       ||     2
 Fire: Hunting sling     |       |    54 |       ||    54
 Cast: Freeze            |    69 |    94 |    23 ||   186
       Throw Frost       |       |    10 |       ||    10
  Use: Scroll            |       |     6 |       ||     6
       Potion            |       |     3 |       ||     3
 Stab: Sleeping          |     1 |       |       ||     1
  Eat: Ration            |     1 |     1 |       ||     2
       Chunk             |       |     2 |     2 ||     4
Armor: Robe              |     4 |    18 |     4 ||    26
Dodge: Dodged            |    48 |   101 |    14 ||   163

Table legend:
 A = Spawn XP
 B = Non-spawn XP
 C = Spawn XP percentage of total XP
 D = Spawn monster count
 E = Non-spawn monster count
 F = Spawn count percentage of total count
 G = Total turns spent on level
                    A         B        C        D         E        F      G
               +---------+---------+-------+---------+---------+-------+---------
         Total |       0 |    1046 |   0.0 |       0 |     103 |   0.0 |  4593
               +---------+---------+-------+---------+---------+-------+---------
           D:1 |       0 |      45 |   0.0 |       0 |      26 |   0.0 |  1258
           D:2 |       0 |     356 |   0.0 |       0 |      39 |   0.0 |  1605
           D:3 |       0 |     203 |   0.0 |       0 |      24 |   0.0 |   794
           D:4 |       0 |     442 |   0.0 |       0 |      14 |   0.0 |   918
               +---------+---------+-------+---------+---------+-------+---------
